Map: Magannatha LE

Players

FastFlex - Winner!

  • Race: Protoss Protoss
  • League: Gold
  • Spawn Location: 11:00

Millifrill

  • Race: Zerg Zerg
  • League: Gold
  • Spawn Location: 5:00

VOD

Have the link to the VOD?

Description

Time

  • Played on: Aug. 19, 2025, 6:24 a.m.
  • Length: 24:47
Show
View Real Time Build Order
Export as new Build Order

FastFlex Protoss - Winner!

Build Orders: Carriers 

Get SALT Encoding   

  12  0:00  Probe  
  13  0:12  Probe  
  14  0:17  Pylon  
  14  0:24  Probe  
  15  0:36  Probe  
  15  0:40  Gateway  
  16  0:48  Assimilator  
  16  0:49  Probe  
  17  1:01  Probe  
  18  1:08  Pylon  
  18  1:13  Probe  
  19  1:27  Cybernetics Core  
  19  1:28  Zealot  
  19  1:32  Assimilator  
  21  1:37  Probe  
  22  1:45  Pylon  
  22  1:55  Probe  
  23  2:03  Sentry  
  23  2:07  Probe  
  26  2:09  Gateway  
  26  2:19  Probe  
  27  2:23  Shield Battery, Stalker  
  29  2:32  Warp Gate  
  29  2:35  Pylon  
  29  2:40  Twilight Council  
  29  3:09  Nexus  
  29  3:22  Pylon  
  29  3:28  Robotics Facility  
  29  3:37  Stalker  
  31  3:49  Gateway  
  31  3:55  Stalker  
  33  4:06  Charge  
  33  4:08  Shield Battery  
  33  4:17  Gateway  
  33  4:29  Probe  
  33  4:37  Probe  
  34  4:39  Observer  
  34  4:45  Probe  
  36  4:46  Probe  
  38  4:53  Probe  
  38  4:57  Immortal  
  38  4:58  Pylon, Probe  
  40  5:01  Probe  
  41  5:10  Probe  
  41  5:13  Probe  
  47  5:22  Forge, Probe  
  48  5:30  Probe  
  48  5:34  Probe  
  48  5:35  Assimilator  
  50  5:41  Protoss Ground Weapons Level 1  
  50  5:43  Immortal, Probe  
  50  5:47  Probe  
  56  5:55  Probe  
  57  5:59  Probe  
  57  6:01  Assimilator  
  58  6:09  Stalker x2  
  58  6:10  Zealot  
  58  6:11  Probe  
  65  6:23  Forge, Probe  
  66  6:25  Stalker  
  68  6:35  Probe  
  68  6:36  Photon Cannon x2  
  69  6:40  Immortal  
  69  6:46  Pylon  
  73  6:51  Stalker, Zealot  
  77  6:56  Pylon  
  77  7:10  Templar Archives  
  77  7:13  Protoss Shields Level 1  
  77  7:14  Stargate  
  77  7:28  Observer  
  77  7:35  Nexus  
  77  7:36  Pylon  
  78  7:39  Pylon, Immortal  
  78  7:46  Psionic Storm  
  78  7:51  Gateway  
  82  7:53  Gateway  
  82  8:03  Shield Battery  
  82  8:05  Shield Battery  
  82  8:14  Probe  
  82  8:16  Protoss Ground Weapons Level 2  
  82  8:18  Pylon  
  83  8:23  Shield Battery  
  83  8:25  Photon Cannon  
  83  8:26  Probe  
  84  8:38  Probe  
  85  8:42  Assimilator  
  85  8:48  Probe  
  86  8:57  Gateway, Protoss Shields Level 2  
  86  9:00  Probe  
  87  9:11  Assimilator  
  87  9:12  Probe  
  87  9:14  High Templar  
  87  9:15  High Templar x3  
  96  9:17  High Templar  
  96  9:18  High Templar  
  100  9:24  Probe  
  101  9:36  Probe  
  102  9:47  Phoenix  
  102  9:49  Probe  
  102  9:52  Fleet Beacon  
  105  9:56  Pylon  
  105  10:00  Stargate  
  105  10:01  Probe  
  106  10:13  Probe  
  107  10:16  High Templar  
  109  10:25  Probe  
  110  10:28  Stargate  
  110  10:29  Stargate  
  110  10:36  Protoss Air Weapons Level 1  
  110  10:37  Probe  
  111  10:44  High Templar  
  111  10:46  Protoss Ground Weapons Level 3  
  111  10:47  High Templar  
  111  10:49  Probe  
  116  10:52  Archon  
  116  11:00  Nexus  
  116  11:02  Pylon  
  116  11:05  Pylon  
  116  11:16  Protoss Ground Armor Level 1  
  102  11:28  Stalker  
  102  11:29  Zealot x3  
  110  11:36  Immortal  
  114  11:40  Carrier  
  114  11:46  Assimilator  
  120  11:48  Assimilator  
  120  11:51  Carrier, Shield Battery  
  120  11:53  Shield Battery  
  124  11:54  Photon Cannon  
  124  11:55  Photon Cannon  
  108  12:10  Stalker x2  
  108  12:11  Zealot x3  
  108  12:12  Zealot  
  116  12:25  High Templar  
  118  12:35  Shield Battery, Photon Cannon  
  118  12:39  Pylon  
  118  12:43  Sentry  
  120  12:44  Robotics Facility  
  120  12:45  Probe  
  120  12:47  Carrier  
  120  12:48  Carrier  
  120  12:49  Probe  
  120  12:50  Protoss Air Weapons Level 2  
  133  12:53  Probe  
  133  12:57  Probe  
  135  13:03  Probe  
  137  13:06  Probe  
  137  13:10  Immortal, Protoss Shields Level 3  
  142  13:14  Probe  
  142  13:19  Probe  
  144  13:23  Probe  
  145  13:31  Probe x2  
  147  13:41  Probe  
  147  13:42  Protoss Ground Armor Level 2  
  147  13:45  Stalker x2  
  147  13:46  Stalker  
  154  13:49  High Templar  
  154  13:53  Probe  
  157  13:59  Carrier  
  157  14:00  Carrier  
  169  14:05  Probe  
  170  14:18  Probe  
  170  14:24  Shield Battery, Photon Cannon  
  171  14:26  Photon Cannon  
  171  14:28  Photon Cannon  
  171  14:30  Photon Cannon  
  171  14:32  Pylon  
  171  14:40  Observer  
  172  14:49  Tempest  
  172  14:50  Tempest  
  180  15:03  Protoss Air Weapons Level 3  
  180  15:11  Probe  
  181  15:16  Photon Cannon  
  181  15:17  Photon Cannon  
  181  15:22  Nexus  
  181  15:23  Pylon  
  181  15:25  Pylon, Photon Cannon x2  
  181  15:28  Pylon  
  181  15:40  Tempest  
  185  15:59  Shield Battery  
  185  16:01  Shield Battery  
  185  16:02  Photon Cannon  
  185  16:03  Photon Cannon  
  185  16:05  Photon Cannon  
  185  16:07  Shield Battery  
  185  16:09  Shield Battery  
  185  16:11  Pylon  
  185  16:22  Unknown  
  185  16:24  Pylon  
  185  16:25  Photon Cannon  
  185  16:26  Photon Cannon x2  
  185  16:32  Assimilator  
  185  16:35  Assimilator  
  185  16:46  Tempest  
  189  16:51  Carrier  
  195  16:56  Tempest  
  199  17:08  Protoss Ground Armor Level 3  
  199  17:20  Protoss Air Armor Level 1  
  192  17:59  Mothership  
  200  18:12  Stargate  
  200  18:13  Stargate  
  200  18:22  Stargate  
  200  18:23  Pylon  
  200  18:47  Pylon  
  200  18:55  Gateway  
  200  18:57  Gateway  
  200  19:26  Shield Battery  
  200  19:27  Shield Battery  
  200  19:28  Photon Cannon  
  200  19:30  Photon Cannon  
  200  19:33  Pylon  
  200  19:34  Pylon  
  200  19:35  Photon Cannon  
  200  19:37  Photon Cannon  
  200  19:46  Protoss Air Armor Level 2  
  200  20:04  Photon Cannon  
  200  20:06  Photon Cannon  
  200  20:07  Photon Cannon  
  200  20:09  Photon Cannon  
  192  21:02  Carrier  
  196  21:30  Shield Battery  
  196  21:31  Shield Battery  
  196  21:33  Photon Cannon  
  184  22:29  Mothership  
  168  22:42  Carrier  
  182  22:53  Stalker x2  
  182  22:54  Stalker, Zealot x3  
  194  23:15  Tempest  
  198  23:29  High Templar  
Show
View Real Time Build Order
Export as new Build Order

Millifrill Zerg 

Build Orders: Hatch First, Lurkers 

Get SALT Encoding   

  12  0:02  Drone  
  13  0:10  Drone  
  14  0:17  Extractor  
  14  0:18  Drone  
  15  0:42  Hatchery, Extractor  
  14  0:43  Drone  
  15  1:03  Overlord  
  15  1:10  Spawning Pool  
  14  1:24  Drone x3  
  17  1:37  Drone  
  18  1:41  Extractor  
  17  1:50  Drone  
  18  1:59  Zergling x4  
  20  2:06  Zergling x2  
  21  2:11  Drone  
  22  2:20  Zergling x4  
  24  2:24  Queen  
  24  2:25  Queen  
  28  2:39  Overlord  
  28  2:47  Extractor  
  26  2:52  Hatchery  
  24  2:58  Spore Crawler  
  24  2:59  Drone x3  
  24  3:01  Drone  
  24  3:05  Drone  
  28  3:22  Drone x4  
  32  3:27  Overlord  
  32  3:36  Lair  
  32  3:49  Drone x5  
  32  3:55  Metabolic Boost  
  37  3:58  Drone  
  38  4:04  Drone  
  38  4:05  Drone x2  
  38  4:07  Drone  
  43  4:10  Drone  
  43  4:12  Drone  
  44  4:20  Drone, Spore Crawler  
  44  4:21  Drone  
  44  4:22  Drone  
  46  4:25  Drone  
  46  4:26  Extractor  
  46  4:41  Queen  
  46  4:42  Queen  
  50  4:48  Extractor  
  50  4:50  Drone  
  50  4:54  Overlord x2  
  50  5:03  Hydralisk Den  
  50  5:04  Drone  
  50  5:06  Roach Warren  
  49  5:07  Drone  
  49  5:11  Queen  
  49  5:12  Drone x3  
  49  5:13  Drone  
  56  5:15  Drone  
  56  5:21  Infestation Pit  
  56  5:26  Drone x4  
  60  5:32  Hydralisk x2  
  64  5:36  Hydralisk  
  64  5:42  Overlord  
  66  5:43  Overlord  
  66  5:55  Grooved Spines  
  66  6:08  Hydralisk x5  
  66  6:09  Hydralisk x2  
  80  6:12  Hydralisk  
  82  6:19  Evolution Chamber x2  
  82  6:25  Spore Crawler  
  79  6:28  Extractor  
  79  6:30  Spore Crawler  
  79  6:31  Extractor  
  76  6:33  Spore Crawler  
  76  6:35  Hydralisk x3, Spore Crawler  
  80  6:44  Hydralisk  
  80  6:47  Overlord x2  
  82  6:49  Zerg Melee Weapons Level 1  
  82  6:52  Zerg Missile Weapons Level 1  
  82  6:58  Muscular Augments  
  82  6:59  Glial Reconstitution  
  82  7:13  Drone x2  
  82  7:14  Drone x3  
  87  7:21  Hydralisk x3  
  93  7:38  Hatchery  
  93  7:41  Spire  
  91  7:48  Hive  
  91  7:52  Queen  
  93  7:59  Zergling x10  
  98  8:22  Overlord  
  98  8:23  Overlord x4  
  98  8:40  Queen  
  100  8:41  Overlord x2  
  100  8:50  Hydralisk  
  100  8:51  Hydralisk x5  
  112  8:58  Zerg Flyer Weapons Level 1  
  112  9:00  Lurker Den  
  111  9:03  Zerg Melee Weapons Level 2  
  111  9:09  Queen  
  111  9:12  Drone x2  
  111  9:15  Drone x2  
  117  9:19  Overseer  
  117  9:20  Overseer  
  117  9:34  Hydralisk x4  
  125  9:43  Corruptor x2  
  129  9:48  Corruptor  
  131  10:00  Lurker  
  132  10:17  Lurker x2  
  134  10:23  Lurker  
  135  10:29  Zergling x18  
  135  10:30  Zergling x24  
  156  10:37  Overlord x2  
  156  10:43  Zerg Missile Weapons Level 2  
  137  11:33  Corruptor x2  
  137  11:34  Corruptor x3  
  146  11:56  Hydralisk  
  146  11:57  Hydralisk x10  
  133  12:08  Hydralisk x3  
  134  12:21  Hydralisk x3  
  134  12:22  Hydralisk  
  113  12:30  Hydralisk  
  113  12:31  Hydralisk  
  113  12:34  Roach  
  119  12:42  Lurker x5  
  124  12:59  Drone  
  124  13:00  Drone x7  
  124  13:04  Overseer  
  132  13:07  Overseer  
  132  13:09  Overseer  
  132  13:27  Hydralisk x5  
  132  13:28  Hydralisk  
  132  13:32  Drone x2  
  146  13:37  Extractor x2  
  144  13:51  Hatchery  
  143  14:03  Hydralisk x5  
  143  14:04  Hydralisk x2  
  157  14:14  Drone x3  
  157  14:16  Overlord x2  
  160  14:25  Overlord x2  
  160  14:34  Drone  
  160  14:35  Drone x6  
  167  14:58  Hydralisk x8  
  183  15:08  Hydralisk x3  
  189  15:15  Zerg Melee Weapons Level 3  
  189  15:21  Zerg Missile Weapons Level 3  
  189  15:24  Adaptive Talons  
  189  15:29  Zerg Flyer Armor Level 1  
  189  15:37  Drone x5  
  194  15:46  Spore Crawler  
  194  15:49  Spine Crawler  
  192  15:51  Spine Crawler  
  192  15:53  Spine Crawler  
  190  16:05  Queen  
  192  16:12  Drone x2  
  192  16:13  Drone  
  192  16:14  Drone x3  
  192  16:17  Overlord x6  
  198  16:27  Ultralisk Cavern  
  197  16:34  Spore Crawler  
  197  16:36  Spore Crawler  
  197  16:39  Spore Crawler  
  194  16:40  Queen  
  196  16:49  Hydralisk x2  
  200  17:33  Seismic Spines  
  200  17:34  Extractor, Zerg Flyer Weapons Level 2  
  200  17:36  Chitinous Plating  
  199  17:39  Extractor  
  198  17:55  Queen  
  200  18:24  Hatchery  
  200  18:25  Hatchery  
  198  18:42  Hydralisk  
  200  18:55  Anabolic Synthesis  
  200  19:10  Hatchery  
  199  19:50  Zerg Flyer Armor Level 2  
  195  20:27  Corruptor x3  
  176  20:55  Hydralisk x12  
  176  20:56  Hydralisk x28  
  176  20:57  Hydralisk  
  176  20:58  Hydralisk  
  176  21:00  Hydralisk  
  176  21:01  Hydralisk  
  198  21:13  Corruptor  
  198  21:14  Corruptor x6  
  200  21:52  Corruptor  
  200  21:53  Corruptor x5  
  198  22:19  Corruptor x5  
  192  22:25  Corruptor  
  192  22:26  Corruptor x9  
  192  22:27  Corruptor  
  190  22:32  Corruptor x7  
  190  22:33  Corruptor x3  
  154  22:44  Corruptor x4  
  158  23:15  Extractor  
  158  23:16  Extractor  
  156  23:30  Drone x3  
  156  23:31  Drone x6  
  165  23:37  Hydralisk  
  167  23:44  Hydralisk  
  167  23:45  Hydralisk x11  
  191  24:05  Ultralisk  
Tags
 
Composition
CarriersLurkers
League
GoldGold
Matchup
PvZ
Spawn Locations
Cross Positions
Add a new tag
Caveats
  • Supply blocks, unpowered buildings, or Contaminate may cause inaccurate times.
  • Supply counts are checked every 10 seconds.